 Dungeon Crawl Stone Soup version 0.27.0-1-g7a089689b8 (webtiles) character file.

Game seed: 1568033154486168889

81 Brandom the Slasher (level 4, -8/37 HPs)
             Began as a Palentonga Monk on Aug 9, 2021.
             Was a Priest of Dithmenos.
             Mangled by Sigmund (11 damage)
             ... on level 2 of the Dungeon.
             The game lasted 00:03:21 (2290 turns).

Brandom the Slasher (Palentonga Monk)               Turns: 2290, Time: 00:03:21

Health: -8/37      AC:  7    Str: 16    XL:     4   Next: 19%
Magic:  2/4        EV:  5    Int: 10    God:    Dithmenos [***...]
Gold:   58         SH:  0    Dex: 12    Spells: 3/3 levels left

rFire    . . .     SeeInvis +   a - +0 falchion
rCold    . . .     Faith    .   (no shield)
rNeg     . . .     Spirit   .   f - +0 chain mail
rPois    .         Reflect  .   (no helmet)
rElec    .         Harm     .   (no cloak)
rCorr    .         Rampage  .   (no gloves)
Will     .....                  (no barding)
Stlth    ..........             (no amulet)
HPRegen  0.12/turn              (no ring)
MPRegen  0.09/turn              (no ring)

@: wreathed by umbra
A: large, rugged brown scales 3, see invisible, deformed body, roll 1, armoured
tail
a: Rolling Charge, Renounce Religion, Shadow Step


You were on level 2 of the Dungeon.
You worshipped Dithmenos.
Dithmenos was most pleased with you.
You visited 1 branch of the dungeon, and saw 2 of its levels.

You collected 58 gold pieces.

Inventory:

Hand Weapons
 a - a +0 falchion (weapon)
Armour
 b - a +0 robe
 f - a +0 chain mail (worn)
   (You took it off Terence on level 2 of the Dungeon)
Scrolls
 c - a scroll of fear {unknown}
 e - 3 scrolls of identify {unknown}
Potions
 d - 2 potions of attraction {unknown}


   Skills:
 + Level 3.5 Fighting
 * Level 4.0 Long Blades
 + Level 0.0 Armour
 + Level 2.9 Dodging
 - Level 1.2 Stealth
 + Level 1.0 Invocations


You had 3 spell levels left.
You didn't know any spells.
Your spell library contained the following spells:

 Spells                   Type           Power      Damage    Failure   Level
 Animate Skeleton         Necr           0%         N/A       100%        1
 Pain                     Necr           0%         1d4       100%        1
 Vampiric Draining        Necr           0%         2d6       100%        3


Dungeon Overview and Level Annotations

Branches:
Dungeon (2/15)

Altars:
Dithmenos

Annotations:
D:2 Sigmund


Innate Abilities, Weirdness & Mutations

You are completely covered in rugged brown scales. (AC +3, +7% HP)
You have supernaturally acute eyesight. (SInv)
Armour fits poorly on your strangely shaped body.
You can roll at nearby foes to attack.
You have a long armoured tail.


Message History

You pick up a book of Necromancy and begin reading...
You add the spells Pain, Animate Skeleton and Vampiric Draining to your library.
Found a stone staircase leading down.
There is a stone staircase leading down here.
There is a stone staircase leading down here.
Sigmund the Dreaded comes into view.
He is wielding a +0 scythe.
Sigmund shouts!
You hear a shout!
A goblin comes into view. It is wielding a +0 dagger.
The goblin shouts!
Sigmund points at you and mumbles some strange words.
The puff of flame hits you.
Found a cloak.
Sigmund points at you and mumbles some strange words.
You resist with some effort. Sigmund hits you with a +0 scythe!
You barely miss Sigmund. Sigmund barely misses you.
You hit Sigmund. Sigmund barely misses you.
You riposte.
You hit Sigmund but do no damage. You hit Sigmund. Sigmund barely misses you.
You riposte.
You hit Sigmund.
You tail-slap Sigmund, but do no damage.
You hit Sigmund.
Sigmund says, "You will soon forget everything."
Sigmund hits you with a +0 scythe.
You closely miss Sigmund. Sigmund barely misses you.
You closely miss Sigmund. You tail-slap Sigmund.
Sigmund hits you with a +0 scythe!
* * * LOW HITPOINT WARNING * * *
You hit Sigmund. Sigmund hits you but does no damage.
Unknown command.
Your chain mail prevents you from hitting Sigmund.
Sigmund hits you with a +0 scythe.
* * * LOW HITPOINT WARNING * * *
Aim: a goblin, wielding a +0 dagger (umbra)
You step into the goblin's shadow.
Sigmund barely misses you. The goblin hits you with a +0 dagger.
* * * LOW HITPOINT WARNING * * *
Okay, then.
Sigmund casts a spell.
Sigmund flickers and vanishes for a moment.
The goblin hits you with a +0 dagger.
* * * LOW HITPOINT WARNING * * *
The goblin barely misses you.
You hit the goblin but do no damage. The goblin hits you but does no damage.
Sigmund says, "I'm your fate."
Sigmund hits you from afar with a +0 scythe.
* * * LOW HITPOINT WARNING * * *
You miss the goblin. You tail-slap the goblin.
The goblin hits you but does no damage.
Sigmund hits you from afar with a +0 scythe!
You die...

##.......##.###.##.#
##..†..###.# #.##.#
##...## #.# #.##.#
##'## ..##[# #.#
####.# #.# #.#
######.#### #.#
.#.........# #.#
.<......@g.#########.#
.#.###...#@##..@.....#
# #........########
##.##.#### #.##.#
#.####.##.#
#.........#
######.#### #)#


You could see Sigmund (invisible) and a goblin.

Vanquished Creatures
  Terence (D:2)
  An adder (D:2)
  A worm (D:2)
  3 dart slugs
  3 endoplasms
  4 giant cockroaches
  4 goblins
  2 hobgoblins (D:1)
  3 jackals (D:1)
  3 kobolds
  A quokka (D:1)
  3 ball pythons
  3 bats (D:2)
  3 frilled lizards
  2 rats
37 creatures vanquished.

Notes
Turn   | Place    | Note
-------+----------+-------------------------------------------
     0 | D:1      | Brandom the Palentonga Monk began the quest for the Orb.
     0 | D:1      | Reached XP level 1. HP: 19/19 MP: 1/1
   354 | D:1      | Reached XP level 2. HP: 20/25 MP: 2/2
   507 | D:1      | Found a faded altar of an unknown god.
   514 | D:1      | Became a worshipper of Dithmenos the Shadowed
   514 | D:1      | Reached * piety under Dithmenos
   514 | D:1      | Reached ** piety under Dithmenos
  1225 | D:1      | Reached *** piety under Dithmenos
  1501 | D:2      | Reached XP level 3. HP: 31/31 MP: 3/3
  2002 | D:2      | Noticed Terence
  2015 | D:2      | Killed Terence
  2016 | D:2      | Reached skill level 4 in Long Blades
  2016 | D:2      | Reached XP level 4. HP: 16/37 MP: 4/4
  2020 | D:2      | Reached skill level 1 in Invocations
  2257 | D:2      | Noticed Sigmund
  2290 | D:2      | Mangled by Sigmund

Illustrated notes

Levels and vault maps discovered:
D:1:      ncdulo_smallfort, layout_loops_corners, ebering_ecumenical_altar_webs,
          kennysheep_flooded_box
D:2:      layout_loops_corners, uniq_terence, uniq_sigmund

Skill      XL: |  1  2  3  4 |
---------------+-------------+-----
Long Blades    | 4 |  4.0
Invocations    | 1 |  1.0
Fighting       | |  3.5
Dodging        | |  2.9
Stealth        | |  1.2

Action                   |  1- 3 |  4- 6 || total
-------------------------+-------+-------++-------
Melee: Falchion          |    91 |    17 ||   108
       Tailslap          |    13 |     4 ||    17
Invok: Shadow Step       |       |     1 ||     1
 Abil: Rolling Charge    |     2 |       ||     2
 Stab: Sleeping          |     6 |       ||     6
Armor: Robe              |    25 |       ||    25
       Chain mail        |       |     6 ||     6
Dodge: Dodged            |    42 |    10 ||    52
       Rpst.: Falchion   |    12 |     3 ||    15
